AoeStats
← jonifarina

Arena

509349672Analyzed
1v1 RM · 5d ago on Sep 26, 2026· 100m 35s· 2 players
Game mode
Random Map
Map size
Tiny (2 player)
Population
200
Speed
Normal
Resources
Standard
Victory
Conquest
Starting age
Dark Age
Ending age
Imperial Age
RankedLock teamsTeams togetherTeam positionsShared explorationLock speedFull tech treeHidden civsTurbo modeCheats
Victory
Defeat
🇪🇸 Khmer · Spain
215
+23
🇹🇼 Teutons · Taiwan
391
-23
jonifarina
2:00 Loom
22:58 Feudal Age
23:51 Arson
23:28 Man-at-Arms
30:40 Castle Age
34:15 Imperial Age
32:16 Long Swordsman
32:20 Crossbowman
35:18 Two-Handed Swordsman
47:20 Wheelbarrow
46:32 Town Watch
49:54 Hand Cart
49:40 Town Patrol
49:21 Arbalester
51:10 Siphons
52:07 Chemistry
51:28 Ballistics
59:49 Elite Ballista Elephant
62:25 Tusk Swords
64:58 Double Crossbow
70:05 Conscription
71:27 Fervor
74:05 Siege Engineers
76:37 Redemption
77:13 Scale Barding Armor
77:18 Scale Mail Armor
77:29 Forging
77:10 Fletching
77:22 Padded Archer Armor
80:15 Elite Battle Elephant
92:25 Bloodlines
92:16 Husbandry
91:38 Light Cavalry
96:35 Heavy Scorpion
davidchen2390120909
11:37 Feudal Age
13:09 Wheelbarrow
14:50 Double-Bit Axe
16:06 Horse Collar
18:21 Gold Mining
20:59 Stone Mining
23:55 Castle Age
25:26 Hand Cart
25:27 Bow Saw
30:11 Fletching
30:22 Padded Archer Armor
38:03 Imperial Age
36:39 Heavy Plow
36:04 Pikeman
37:13 Forging
36:59 Bodkin Arrow
37:20 Leather Archer Armor
38:55 Fortified Wall
41:03 Cavalier
41:55 Halberdier
44:07 Elite Skirmisher
47:39 Heavy Scorpion
49:29 Arrowslits
50:29 Iron Casting
50:25 Ring Archer Armor
49:57 Scale Mail Armor
55:59 Heavy Mounted Crossbowman
56:38 Guard Tower
56:59 Masonry
57:13 Ballistics
58:29 Elite Teutonic Knight
69:05 Hoardings
70:17 Siege Engineers
71:52 Bloodlines
76:55 Onager
81:40 Blast Furnace
88:31 Keep
Connection lost

Rejoining the realm…

Still unreachable

The connection could not be restored.

Session expired

The server has moved on; the page needs a fresh start.